 Dungeon Crawl Stone Soup version 0.30.1-4-g462c640d31 (webtiles) character file.

Game seed: 6912099010545340638

242 Almogavar the Conjurer (level 5, -1/28 HPs)
             Began as a Deep Elf Conjurer on Aug 10, 2023.
             Slain by a gnoll
             ... wielding a +0 spear
              (9 damage)
             ... on level 4 of the Dungeon.
             The game lasted 00:07:02 (2696 turns).

Almogavar the Conjurer (Deep Elf Conjurer)          Turns: 2696, Time: 00:07:03

Health: -1/28      AC:  2    Str:  4    XL:     5   Next: 81%
Magic:  13/13      EV:  6    Int: 25    God:
Gold:   186        SH:  0    Dex: 13    Spells: 10/13 levels left

rFire   . . .        k - +1 short sword (holy)
rCold   . . .        (no shield)
rNeg    . . .        a - +0 robe
rPois   .            (no helmet)
rElec   .            (no cloak)
rCorr   .            (no gloves)
SInv    .            (no boots)
Will    .....        (no amulet)
Stlth   ++           (no ring)
HPRegen 0.24/turn    (no ring)
MPRegen 0.13/turn

%: no passive effects
@: held
A: no striking features
a: no special abilities


You were on level 4 of the Dungeon.
You visited 1 branch of the dungeon, and saw 4 of its levels.

You collected 186 gold pieces.

Inventory:

Hand Weapons
 k - a +1 short sword of holy wrath (weapon)
Armour
 a - a +0 robe (worn)
 o - a +0 leather armour
Magical Staves
 e - a staff of cold
Scrolls
 g - a scroll of fog
 h - 2 scrolls of teleportation {unknown}
 j - a scroll of immolation {unknown}
Potions
 b - 2 potions of magic
 c - a potion of brilliance
 d - 3 potions of curing
 f - a potion of heal wounds
 i - 2 potions of degeneration {unknown}
 l - a potion of cancellation {unknown}
 m - a potion of experience {unknown}
 n - a potion of berserk rage {unknown}
 p - a potion of mutation {unknown}


   Skills:
 + Level 0.3 Short Blades
 + Level 2.8 Dodging
 + Level 3.8 Stealth
 + Level 4.5 Spellcasting
 + Level 6.6 Conjurations


You had 10 spell levels left.
You knew the following spells:

 Your Spells              Type           Power      Damage    Failure   Level
a - Magic Dart            Conj           100%       1d8       1%          1
b - Searing Ray           Conj           76%        2d7       1%          2

Your spell library contained the following spells:

 Spells                   Type           Power      Damage    Failure   Level
 Shock                    Conj/Air       88%        1d8       2%          1
 Dazzling Flash           Conj/Hex       44%        N/A       7%          3
 Mephitic Cloud           Conj/Pois/Air  16%        N/A       11%         3
 Ensorcelled Hibernation  Hex/Ice        10%        N/A       13%         2
 Passwall                 Tmut/Erth      4%         N/A       13%         2
 Poisonous Vapours        Pois/Air       10%        N/A       13%         2
 Fulminant Prism          Conj/Hex       11%        3d8       22%         4
 Iskenderun's Mystic Bla  Conj/Tloc      22%        2d6       22%         4
 Swiftness                Air            5%         N/A       26%         3
 Airstrike                Air            2%         2d(1-17)  65%         4
 Petrify                  Tmut/Erth      5%         N/A       65%         4
 Freezing Cloud           Conj/Ice/Air   8%         6-21      69%         5
 Metabolic Englaciation   Hex/Ice        2%         N/A       94%         5
 Statue Form              Tmut/Erth      3%         N/A       100%        6


Dungeon Overview and Level Annotations

Branches:
Dungeon (4/15)
 Temple: D:4-7

Altars:


Message History

You now have 186 gold pieces (gained 11).
Found 3 stones.
You pick up a book of Air and begin reading...
You add the spells Shock and Airstrike to your library.
Okay, then.
You see here 3 stones.
Found a stone staircase leading up.
You see here 3 stones.
There is a stone staircase leading down here.
Found a stone staircase leading up.
There is a stone staircase leading up here.
Found a scale mail.
Done exploring.
Done exploring.
Okay, then.
Okay, then.
(D) Dungeon
Where to? (Enter - D:2 @ (x,y), ? - help)
What level of the Dungeon? (default 1, ? - help)
There is a stone staircase leading down here.
You climb downwards.
Found a sedimented yellow potion, 42 gold pieces and a lumpy dark potion.
There is a stone staircase leading up here.
There are monsters nearby!
The gnoll shouts!
You hear a bark!
The gnoll throws a throwing net.
The throwing net hits you.
You become entangled in the net!
You stop ascending the stairs.
The iguana bites you!
Unknown command.
You struggle against the net.
The iguana bites you!
* * * LOW HITPOINT WARNING * * *
You struggle against the net.
A quokka comes into view.
The iguana barely misses you.
As you read the scroll labelled UGRYRER WEIPUL, it crumbles to dust.
The scroll dissolves into smoke.
It was a scroll of fog.
A hound comes into view.
The iguana bites you but does no damage.
The gnoll hits you from afar with a +0 spear!
You die...

##########
#$.....$.#
#........#
#§...§...#
#.§§§....#
#.§@l§...#
##§§####.#
.g§§§ ......!.
...........
.....g.!...r
....g........
...h.......$..


You could see an iguana, a hound and a gnoll.

Vanquished Creatures
  A centaur (D:3)
  Terence (D:2)
  An orc wizard (D:3)
  Robin (D:3)
  4 adders (D:2)
  A worm (D:2)
  2 dart slugs (D:1)
  2 orcs (D:3)
  8 ball pythons
  4 endoplasms (D:1)
  7 goblins
  6 hobgoblins
  A jackal (D:1)
  4 kobolds
  2 quokkas
  4 bats
  2 frilled lizards (D:1)
  5 rats
56 creatures vanquished.

Notes
Turn   | Place    | Note
-------+----------+-------------------------------------------
     0 | D:1      | Almogavar the Deep Elf Conjurer began the quest for the
                  | Orb.
     0 | D:1      | Reached XP level 1. HP: 10/10 MP: 6/6
   304 | D:1      | Reached XP level 2. HP: 15/15 MP: 4/8
   368 | D:1      | Reached skill level 5 in Conjurations
   443 | D:1      | Learned a level 2 spell: Searing Ray
  1083 | D:2      | Reached XP level 3. HP: 19/19 MP: 7/9
  1490 | D:2      | Noticed Terence
  1495 | D:2      | Killed Terence
  1496 | D:2      | Reached XP level 4. HP: 9/24 MP: 2/10
  1774 | D:2      | Reached skill level 6 in Conjurations
  1892 | D:2      | You fall into a shaft and drop 1 floor!
  2158 | D:3      | Reached XP level 5. HP: 28/28 MP: 9/12
  2203 | D:3      | Noticed a centaur
  2207 | D:3      | Killed a centaur
  2368 | D:3      | Noticed Robin
  2370 | D:3      | Killed Robin
  2696 | D:4      | Slain by a gnoll

Illustrated notes

Levels and vault maps discovered:
D:1:      onia_arrival_pentagram, layout_basic, minmay_vboxes
D:2:      wad_pebble_path, layout_basic, minmay_fractal_squares_gapless_5,
          uniq_terence
D:3:      layout_basic, uniq_robin
D:4:      layout_rooms, mainiacjoe_overflow_alcove_1,
          minmay_temple_entry_drinking_statues, serial_bayou_lagoon_b

Skill      XL: |  1  2  3  4  5 |
---------------+----------------+-----
Conjurations   | 5 6 |  6.6
Stealth        | 3 |  3.8
Spellcasting   | 4 |  4.5
Short Blades   | |  0.3
Dodging        | |  2.8

Action                     |  1- 3 |  4- 6 || total
---------------------------+-------+-------++-------
  Melee: Dagger            |     1 |       ||     1
   Cast: Magic Dart        |    57 |    18 ||    75
         Searing Ray       |     2 |     6 ||     8
    Use: Scroll            |     2 |     2 ||     4
   Stab: Sleeping          |     1 |       ||     1
 Armour: Robe              |       |     3 ||     3
  Dodge: Dodged            |     2 |     7 ||     9
